 Dungeon Crawl Stone Soup version 0.32-a0-818-gb728d0252e (webtiles) character file.

Game seed: 11639911013935785369

1279 ezpacito the Chopper (level 8, -12/62 HPs)
             Began as a Coglin Chaos Knight on Mar 24, 2024.
             Was a Plaything of Xom.
             Mangled by a sun demon (15 damage)
             ... summoned by Xom
             ... on level 6 of the Dungeon.
             The game lasted 00:06:24 (4123 turns).

ezpacito the Chopper (Coglin Chaos Knight)          Turns: 4123, Time: 00:06:24

Health: -12/62     AC: 16    Str: 13    XL:     8   Next: 54%
Magic:  11/11      EV:  6    Int: 15    God:    Xom [......]
Gold:   201        SH:  0    Dex: 14    Spells: 11/11 levels left

rFire   . . .        a - +0 hand axe (chaos) {Ilse}
rCold   + . .        k - +0 dagger (drain) {Mettia}
rNeg    . . .        r - +0 chain mail
rPois   .            (helmet restricted)
rElec   .            c - +0 cloak
rCorr   .            f - +0 pair of gloves
SInv    .            l - +1 pair of boots
Will    +....        (amulet unavailable) Stlth
                     (ring unavailable)
HPRegen 0.30/turn    (ring unavailable)
MPRegen 0.12/turn    (no gizmo)

%: clarity
@: mighty, hasted, revved, very quick
A: off-hand wielding, slow wielding, warmup strikes, no jewellery, horns 1,
iridescent scales 1, clarity, clever 1, cold resistance 1, strong-willed 1, wild
magic 1, noise suppression
a: Invent Gizmo, Renounce Religion


You were on level 6 of the Dungeon.
You worshipped Xom.
You were a very special plaything of Xom.
You visited 1 branch of the dungeon, and saw 6 of its levels.
You also visited: Sewer.

You collected 201 gold pieces.

Inventory:

Hand Weapons
 a - a +0 hand axe of chaos (weapon) {Ilse}
 k - a +0 dagger of draining (offhand) {Mettia}
 m - a +0 war axe
Missiles
 g - 18 poisoned darts (quivered)
 t - 2 curare-tipped darts
 x - 5 boomerangs
Armour
 c - a +0 cloak (worn)
 f - a +0 pair of gloves (worn)
 l - a +1 pair of boots (worn)
 r - a +0 chain mail (worn)
Magical Staves
 B - a staff of air
Talismans
 C - a serpent talisman
Wands
 e - a wand of flame (16)
 p - a wand of charming (15)
 D - a wand of digging (4)
Scrolls
 b - 3 scrolls of noise
 o - 4 scrolls of fog
 q - a scroll of acquirement
 s - a scroll of enchant armour
 v - 2 scrolls of enchant weapon
 y - 3 scrolls of immolation
Potions
 h - a potion of haste
 n - 2 potions of resistance
 w - a potion of lignification
 z - a potion of attraction
 A - a potion of mutation
Miscellaneous
 u - a condenser vane


   Skills:
 * Level 5.0 Fighting
 * Level 5.0(5.3) Axes
 + Level 2.5(3.9) Polearms
 * Level 4.1 Armour
 * Level 3.6 Dodging
 + Level 2.2 Stealth
 + Level 2.1 Spellcasting
 + Level 3.2 Evocations


You had 11 spell levels left.
You didn't know any spells.
Your spell library contained the following spells:

 Spells                   Type           Power      Damage    Failure   Level
 Freeze                   Ice            8%         1d3       99%         1
 Frozen Ramparts          Ice            4%         1d1       100%        3
 Hailstorm                Conj/Ice       2%         3d5       100%        3
 Summon Ice Beast         Ice/Summ       2%         N/A       100%        3
 Cause Fear               Hex            1%         N/A       100%        4
 Fireball                 Conj/Fire      1%         3d3       100%        5
 Permafrost Eruption      Ice/Erth       1%         2x4d2     100%        6
 Sculpt Simulacrum        Ice/Alch       1%         N/A       100%        6
 Dragon's Call            Summ           1%         N/A       100%        9


Dungeon Overview and Level Annotations

Branches:
Dungeon (6/15)             Temple (0/1) D:4           Sewer (visited)

Altars:
Cheibriados
Qazlal
Sif Muna
Trog
Uskayaw
Vehumet
Xom

Annotations:
D:1 1 transporter


Innate Abilities, Weirdness & Mutations

You can wield a second weapon in your off-hand.
It takes a long time for you to wield or remove held weapons.
Your first few attacks do less damage.
You cannot equip rings or amulets.
You have a pair of small horns on your head.
You are partially covered in iridescent scales. (AC +2)
You possess an exceptional clarity of mind.
Your mind is acute. (Int +4, Str/Dex -1)
Your flesh is cold resistant. (rC+)
You are strong-willed. (Will+)
Your spells are a little harder to cast, but a little more powerful.
You passively dampen the noise of your surroundings.


Message History

You feel yourself speed up.
The quasit bites you but does no damage.
The quasit claws you but does no damage. x2
The shadow imp completely misses your butterfly.
The sun demon hits your butterfly!
Your butterfly dies!
Your butterfly disappears in a burst of colours!
The quasit bites you.
* * * LOW HITPOINT WARNING * * *
The quasit barely misses you.
The quasit claws you but does no damage.
You take 2 damage, and have 15/62 hp.
You feel very mighty all of a sudden.
The quasit bites you but does no damage.
The quasit claws you but does no damage.
The quasit barely misses you.
The quasit bites you but does no damage.
The quasit claws you but does no damage. x2
The shadow imp barely misses you.
You hit the quasit with your +0 dagger of draining.
Your headbutt misses the quasit.
The quasit is heavily wounded.
You barely miss the quasit with your +0 hand axe of chaos.
You barely miss the shadow imp with your +0 hand axe of chaos.
The quasit barely misses you.
The quasit claws you but does no damage. x2
You puncture the quasit with your +0 dagger of draining!
You kill the quasit!
The quasit disappears in a puff of smoke!
You hit the sun demon with your +0 hand axe of chaos.
The sun demon convulses.
You hit the sun demon with your +0 hand axe of chaos.
Your headbutt misses the sun demon.
The sun demon is lightly wounded.
You hit the sun demon with your +0 dagger of draining.
The sun demon hits you!
* * * LOW HITPOINT WARNING * * *
You are engulfed in flames!
You die...
Xom snickers!

####### #.b...#
#........#..#))#
#........#..#5l#
#........#..#55#
#.......##.##3##
#.....[.#..#@§#
#.......#..#.)#
#.......#..#..#
#........(.#... .#
#######†########
.## #..#### .#.
##....#.# ..
##.....### .#
######..##.....#.#


You could see a sun demon (summoned), an iguana (vitrified), 2 white imps and a
shadow imp (summoned, fast).

Vanquished Creatures
  A black bear (D:4)
  A centaur (D:6)
  3 kobold brigands (Sewer)
  2 jellies (D:5)
  A howler monkey (D:5)
  2 hounds (D:6)
  3 orc priests (D:4)
  A gnoll bouda (D:6)
  An orc wizard (D:3)
  2 sleepcaps (D:6)
  Natasha (thrice) (D:3)
  4 iguanas
  3 gnolls (D:6)
  A river rat (D:4)
  8 adders
  A shadow imp (D:5)
  2 white imps
  4 ufetubi
  2 dart slugs
  4 ribbon worms
  11 orcs
  5 ball pythons
  7 endoplasms
  2 giant cockroaches
  6 goblins
  3 hobgoblins
  2 jackals (D:2)
  3 quokkas
  6 bats
  5 frilled lizards
  15 kobolds
  2 rats
116 creatures vanquished.

Vanquished Creatures (collateral kills)
  A phantom (D:4)
  An iguana (D:4)
  An orc (D:4)
  A goblin (D:4)
4 creatures vanquished.

Vanquished Creatures (others)
  An orc (D:4)
1 creature vanquished.

Grand Total: 121 creatures vanquished

Notes
Turn   | Place    | Note
-------+----------+-------------------------------------------
     0 | D:1      | ezpacito the Coglin Chaos Knight began the quest for the
                  | Orb.
     0 | D:1      | Reached XP level 1. HP: 18/18 MP: 1/1
    22 | D:1      | Reached skill level 1 in Dodging
    83 | D:1      | Reached XP level 2. HP: 24/24 MP: 2/2
   129 | D:1      | XOM: divination: detect creatures
   480 | D:2      | Found a hide-covered altar of Uskayaw.
   484 | D:2      | Reached XP level 3. HP: 25/29 MP: 3/3
   823 | D:2      | XOM: divination: detect creatures
   846 | D:2      | XOM: potion effect (attraction)
   876 | D:2      | Reached XP level 4. HP: 35/35 MP: 4/4
   879 | D:2      | Reached skill level 1 in Polearms
  1080 | D:2      | XOM: silly message
  1235 | D:3      | XOM: silly message
  1271 | D:3      | Noticed Natasha
  1281 | D:3      | Killed Natasha
  1289 | D:3      | Noticed Natasha
  1298 | D:3      | Killed Natasha
  1356 | D:3      | XOM: silly message
  1503 | D:3      | Noticed Natasha
  1505 | D:3      | XOM: 1-stop teleportation journey
  1506 | D:3      | Reached XP level 5. HP: 40/41 MP: 5/5
  1514 | D:3      | Killed Natasha
  1567 | D:3      | XOM: 1-stop teleportation journey
  1668 | D:3      | Found a runed translucent door.
  1669 | D:3      | Noticed Crazy Yiuf
  1809 | D:3      | XOM: butterfly on damage
  1816 | D:3      | Crazy Yiuf changed into Crazy Yiuf the quokka
  1816 | D:3      | Noticed Crazy Yiuf
  1816 | D:3      | XOM: polymorph Crazy Yiuf -> Crazy Yiuf the quokka
  1821 | D:3      | Killed Crazy Yiuf the quokka
  1899 | D:3      | XOM: divination: detect creatures
  1938 | D:4      | Noticed a black bear
  1946 | D:4      | XOM: noise
  1949 | D:4      | Reached skill level 1 in Evocations
  1957 | D:3      | Reached skill level 1 in Stealth
  1957 | D:3      | Reached skill level 1 in Spellcasting
  1957 | D:3      | Reached XP level 6. HP: 37/46 MP: 7/7
  1980 | D:4      | Killed a black bear
  2005 | D:4      | XOM: summons 6 friendly demons
  2008 | D:4      | Found a staircase to the Ecumenical Temple.
  2016 | D:4      | Reached XP level 7. HP: 54/54 MP: 7/9
  2096 | D:4      | Found a snail-covered altar of Cheibriados.
  2249 | D:4      | Found a stormy altar of Qazlal.
  2250 | D:4      | Found a shimmering altar of Xom.
  2385 | D:4      | Found a glowing drain.
  2390 | Sewer    | Entered a sewer
  2593 | Sewer    | XOM: give mutations
  2593 | Sewer    | Gained mutation: Your flesh is cold resistant. (rC+) [Xom's
                  | grace]
  2593 | Sewer    | Gained mutation: You are strong-willed. (Will+) [Xom's
                  | grace]
  2593 | Sewer    | Gained mutation: Your mind is acute. (Int +4, Str/Dex -1)
                  | [Xom's grace]
  2593 | Sewer    | Gained mutation: You have a pair of small horns on your
                  | head. [Xom's grace]
  2665 | Sewer    | XOM: god gift: condenser vane
  2805 | Sewer    | XOM: give mutations
  2805 | Sewer    | Gained mutation: Your spells are a little harder to cast,
                  | but a little more powerful. [Xom's grace]
  2805 | Sewer    | Gained mutation: You possess an exceptional clarity of
                  | mind. [Xom's grace]
  2805 | Sewer    | Gained mutation: You passively dampen the noise of your
                  | surroundings. [Xom's grace]
  2805 | Sewer    | Gained mutation: You are partially covered in iridescent
                  | scales. (AC +2) [Xom's grace]
  2959 | D:5      | Entered Level 5 of the Dungeon
  3080 | D:5      | Found a radiant altar of Vehumet.
  3121 | D:5      | Reached XP level 8. HP: 57/61 MP: 10/10
  3623 | D:5      | XOM: god gift: scroll of fog
  3782 | D:5      | XOM: scenery: 1 doors open, 1 doors close
  3817 | D:5      | XOM: scenery: 1 doors close
  3832 | D:5      | XOM: god gift: staff of air
  3884 | D:6      | Found a shimmering blue altar of Sif Muna.
  3890 | D:6      | Found a bloodstained altar of Trog.
  4009 | D:6      | XOM: chaos cloud
  4021 | D:6      | Identified a scroll of acquirement
  4095 | D:6      | XOM: chaos upgrade
  4108 | D:6      | XOM: summons 5 hostile demons
  4109 | D:6      | Reached skill level 5 in Fighting
  4109 | D:6      | Reached skill level 5 in Axes
  4109 | D:6      | Noticed a sun demon
  4123 | D:6      | HP: 3/62 [sun demon[Xom] (13)]
  4123 | D:6      | Mangled by a sun demon

Illustrated notes

Levels and vault maps discovered:
D:1:      spicycebolla_arrival_transporter_tutorial, layout_basic
D:2:      layout_loops_ring, basic_altar
D:3:      layout_rooms, uniq_crazy_yiuf_cottage, uniq_natasha
D:4:      layout_rooms, mainiacjoe_overflow_divided_tiny,
          mainiacjoe_overflow_brackets, minmay_temple_entry_wispy,
          portal_sewer_entry_e, nrook_loot_triangle
D:5:      layout_gridville, old_standard_altar
D:6:      minmay_angry_zag, layout_rooms, hellmonk_overflow_destroyed_library,
          minmay_fractal_squares_gapless_5

Skill      XL: |  1  2  3  4  5  6  7  8 |
---------------+-------------------------+-----
Dodging        | 1 2 3 |  3.6
Armour         | 2 3 4 |  4.1
Polearms       | 1 2 |  2.5
Evocations     | 1 2 3 |  3.2
Stealth        | 1 2 |  2.2
Spellcasting   | 1 2 |  2.1
Fighting       | 4 5 |  5.0
Axes           | 4 5 |  5.0

Action                     |  1- 3 |  4- 6 |  7- 9 || total
---------------------------+-------+-------+-------++-------
  Melee: Hand axe          |    61 |    92 |   162 ||   315
         Dagger            |    52 |    91 |   165 ||   308
         Headbutt          |       |       |    25 ||    25
    Use: Potion            |       |     6 |     3 ||     9
         Scroll            |       |     4 |     7 ||    11
   Stab: Sleeping          |     2 |       |       ||     2
         Paralysed         |     1 |       |       ||     1
         Petrified         |       |     5 |       ||     5
         Petrifying        |       |     1 |       ||     1
         Confused          |       |       |     1 ||     1
 Armour: Leather armour    |    17 |       |       ||    17
         Chain mail        |    10 |   109 |   202 ||   321
  Dodge: Dodged            |    26 |    35 |    72 ||   133

Table legend: (Time is in decaauts)
 A = Elapsed time spent in this place.
 B = Non-inter-level travel time spent in this place.
 C = Inter-level travel time spent in this place.
 D = Time resting spent in this place.
 E = Time spent auto-exploring this place.
 F = Levels seen in this place.
 G = Mean time per level.
                   A        B        C        D        E       F      G
               +--------+--------+--------+--------+--------+-----+--------+
         Total |   4204 |   4002 |    202 |     63 |   2792 |   7 |  600.6 |
       Dungeon |   3664 |   3462 |    202 |     45 |   2418 |   6 |  610.7 |
         Sewer |    539 |    539 |      0 |     17 |    374 |   1 |  539.0 |
               +--------+--------+--------+--------+--------+-----+--------+

Top non-repeatable levels by time:
     D:5: 878 daAuts
     D:3: 743 daAuts
     D:2: 736 daAuts
     D:4: 557 daAuts
   Sewer: 539 daAuts
     D:1: 461 daAuts
     D:6: 287 daAuts
